 Dungeon Crawl Stone Soup version 0.32-a0-290-g598725c5f2 (webtiles) character file.

Game seed: 7453389581017233189

99 Persephone the Chopper (level 4, -3/38 HPs)
             Began as a Mountain Dwarf Fighter on Feb 13, 2024.
             Slain by a steam dragon (6 damage)
             ... on level 4 of the Dungeon.
             The game lasted 00:02:55 (1822 turns).

Persephone the Chopper (Mountain Dwarf Fighter)     Turns: 1822, Time: 00:02:55

Health: -3/38      AC: 11    Str: 20    XL:     4   Next: 45%
Magic:  4/4        EV:  5    Int:  9    God:
Gold:   108        SH:  5    Dex: 15    Spells: 3/3 levels left

rFire   . . .        a - +0 war axe
rCold   . . .        c - +0 buckler
rNeg    . . .        s - +0 plate armour
rPois   .            (no helmet)
rElec   .            w - scarf {shadows}
rCorr   .            (no gloves)
SInv    .            (no boots)
Will    .....        (no amulet) Stlth
                     e - +6 ring of dexterity
HPRegen 0.26/turn    (no ring)
MPRegen 0.09/turn

%: no passive effects
@: mighty
A: runic magic, artefact enchanting
a: Convert to Beogh


You were on level 4 of the Dungeon.
You visited 1 branch of the dungeon, and saw 4 of its levels.

You collected 108 gold pieces.

Inventory:

Hand Weapons
 a - a +0 war axe (weapon)
Missiles
 u - 2 throwing nets (quivered)
Armour
 c - a +0 buckler (worn)
 s - a +0 plate armour (worn)
 w - a scarf of shadows (worn)
Jewellery
 e - a +6 ring of dexterity (left hand)
Wands
 r - a wand of flame (21)
Scrolls
 g - 3 scrolls of teleportation
 h - a scroll of revelation
 j - a scroll of fear
 k - a scroll of enchant weapon {unknown}
 m - 2 scrolls of blinking {unknown}
 q - a scroll of vulnerability {unknown}
 t - a scroll of enchant armour {unknown}
Potions
 i - a potion of invisibility {unknown}
 l - a potion of heal wounds {unknown}
 n - a potion of mutation {unknown}
 o - a potion of berserk rage {unknown}
 p - a potion of attraction {unknown}
 v - a potion of haste {unknown}


   Skills:
 - Level 3.2 Fighting
 + Level 5.8 Axes
 - Level 3.2 Armour
 - Level 3.2 Shields


You had 3 spell levels left.
You didn't know any spells.
Your spell library was empty.

Dungeon Overview and Level Annotations

Branches:
Dungeon (4/15)
 Temple: D:4-7

Altars:
Qazlal
Wu Jian

Shops:
D:2 ?


Innate Abilities, Weirdness & Mutations

Your spellcasting is much less encumbered by armour.
You can use scrolls of enchantment on lesser artefacts.


Message History

The steam dragon breathes steam at you. The ball of steam hits you!
The steam dragon moves out of view.
You hear a shout!
You are engulfed in a cloud of scalding steam.
You are engulfed in a cloud of scalding steam.
The steam dragon bites you.
The steam dragon claws you but does no damage.
You closely miss the steam dragon.
You are engulfed in a cloud of scalding steam.
The steam dragon breathes steam at you. The ball of steam hits you.
* * * LOW HITPOINT WARNING * * *
You hear a shout! x2
You hit the steam dragon.
The steam dragon is moderately wounded.
The steam dragon bites you but does no damage.
You block the steam dragon's attack.
The steam dragon bites you but does no damage.
You block the steam dragon's attack.
You barely miss the steam dragon.
The steam dragon is moderately wounded.
The steam dragon breathes steam at you. The ball of steam hits you!
* * * LOW HITPOINT WARNING * * *
You feel very mighty all of a sudden.
You are engulfed in a cloud of scalding steam.
An orc comes into view. It is wielding a +0 flail.
The steam dragon bites you but does no damage.
The steam dragon claws you.
* * * LOW HITPOINT WARNING * * *
You barely miss the steam dragon.
The steam dragon is moderately wounded.
You are engulfed in a cloud of scalding steam.
The steam dragon bites you but does no damage.
You block the steam dragon's attack.
You closely miss the steam dragon.
The steam dragon is moderately wounded.
An orc priest comes into view. It is wielding a +0 club.
The steam dragon bites you.
You die...

###...#### ..# <.........
#.######### #........# #..#
#.(.......# .........# ##..#
#......##.# .......... .o.#
#.#.##.##.## .....<....
#.#####.........## #.........
#o......#.##.#..##
#...........####....#.##.##.....#
..#..... #....D@....ยง....###...#
###.##. ######.##.#####.# ##.##
#.# #.##.# #.# #..' #.# #.##..
#.# #..' ###.# #....#. #.# #..'
..#.###.# #####.#. #.# #.##
........# >...#.# #.## ..#.#####
# #....# #.## ###.# #.#..#
####.##


You could see a steam dragon (catching breath), an orc priest and an orc.

Vanquished Creatures
  3 orcs
  5 ball pythons
  5 endoplasms
  4 giant cockroaches
  7 goblins
  4 hobgoblins
  4 jackals (D:1)
  A quokka (D:1)
  7 bats
  2 frilled lizards
  6 kobolds
  4 rats
52 creatures vanquished.

Notes
Turn   | Place    | Note
-------+----------+-------------------------------------------
     0 | D:1      | Persephone the Mountain Dwarf Fighter began the quest for
                  | the Orb.
     0 | D:1      | Reached XP level 1. HP: 19/19 MP: 1/1
   173 | D:1      | Reached skill level 3 in Axes
   175 | D:1      | Reached XP level 2. HP: 25/26 MP: 2/2
   305 | D:1      | Reached skill level 4 in Axes
   364 | D:1      | Reached XP level 3. HP: 28/31 MP: 3/3
   519 | D:2      | Found Fuehufun's Magic Scroll Shoppe.
   884 | D:3      | Reached skill level 5 in Axes
  1104 | D:3      | Reached XP level 4. HP: 38/38 MP: 4/4
  1774 | D:4      | Found a stormy altar of Qazlal.
  1783 | D:4      | Found an ornate altar of the Wu Jian Council.
  1813 | D:4      | Noticed a steam dragon
  1822 | D:4      | Slain by a steam dragon

Illustrated notes

Levels and vault maps discovered:
D:1:      eino_arrival_tree_alley, layout_basic, minivault_4
D:2:      layout_rooms, serial_shops, nicolae_shop_tiny_waterfront
D:3:      layout_basic, serial_aquarium, aquarium_bridge_square
          [aquarium_subvault_bridge, aquarium_subvault_wall,
          aquarium_subvault_bridge, aquarium_subvault_window],
          aquarium_window_fake, aquarium_window_2, aquarium_view_4,
          aquarium_view_2d
D:4:      layout_loops_ring, mainiacjoe_overflow_big_doors, serial_shops,
          nicolae_shop_real_fake_doors, minmay_pentangle

Skill      XL: |  1  2  3 |
---------------+----------+-----
Axes           | 3 4 5 |  5.8
Fighting       | |  3.2
Armour         | |  3.2
Shields        | |  3.2

Action                     |  1- 3 |  4- 6 || total
---------------------------+-------+-------++-------
  Melee: War axe           |    91 |    49 ||   140
    Use: Scroll            |       |     3 ||     3
         Potion            |       |     1 ||     1
 Armour: Scale mail        |    73 |       ||    73
         Plate armour      |    10 |    59 ||    69
  Dodge: Dodged            |    39 |    12 ||    51
  Block: Buckler           |    27 |    17 ||    44

Table legend: (Time is in decaauts)
 A = Elapsed time spent in this place.
 B = Non-inter-level travel time spent in this place.
 C = Inter-level travel time spent in this place.
 D = Time resting spent in this place.
 E = Time spent auto-exploring this place.
 F = Levels seen in this place.
 G = Mean time per level.
                   A        B        C        D        E       F      G
               +--------+--------+--------+--------+--------+-----+--------+
         Total |   1863 |   1771 |     92 |      0 |   1388 |   4 |  465.8 |
       Dungeon |   1863 |   1771 |     92 |      0 |   1388 |   4 |  465.8 |
               +--------+--------+--------+--------+--------+-----+--------+

Top non-repeatable levels by time:
     D:3: 769 daAuts
     D:1: 479 daAuts
     D:2: 381 daAuts
     D:4: 233 daAuts
